 Dungeon Crawl Stone Soup version 0.20-a0-893-g832831a (webtiles) character file.

38140 Naow the Ripper (level 13, 0/63 HPs)
             Began as a Felid Berserker on Mar 18, 2017.
             Was the Champion of Trog.
             Succumbed to a naga ritualist's toxic radiance
             ... on level 1 of the Snake Pit.
             The game lasted 00:51:25 (25575 turns).

Naow the Ripper (Felid Berserker)                  Turns: 25575, Time: 00:51:25

Health: 0/63       AC:  3    Str: 17    XL:     13   Next: 62%
Magic:  14/14      EV: 34    Int: 12    God:    Trog [******]
Gold:   1708       SH:  4    Dex: 20    Spells: 12/12 levels left
                                        Lives:  0   Deaths: 4

rFire    . . .     SeeInvis +     - Unarmed
rCold    + . .     Gourm    .   (armour unavailable)
rNeg     . . .     Faith    .   (shield unavailable)
rPois    +         Spirit   .   (helmet unavailable)
rElec    .         Reflect  +   (cloak unavailable)
rCorr    +         Harm     .   (gloves unavailable)
MR       +....                  (boots unavailable)
Stlth    +++.......             C - +4 amulet of reflection
Regen    0.2/turn               R - ring of poison resistance
MPRegen  0.2/turn               L - ring "Aruunaole" {rCorr Int+2 Dex+5}

@: lethally poisoned (0 -> -18), exhausted, very slightly contaminated, hasted
and slowed, quick
A: no armour, no weapons or thrown items, stealth, claws 1, fangs 3, see
invisible, carnivore 3, speed 1, shaggy fur 3, slow metabolism 1, sharp paws
a: Berserk, Trog's Hand, Brothers in Arms, Burn Spellbooks, Renounce Religion


You were on level 1 of the Snake Pit.
You worshipped Trog.
Trog was exalted by your worship.
You were not hungry.

You visited 4 branches of the dungeon, and saw 22 of its levels.
You also visited: Bailey.

You collected 2008 gold pieces.
You spent 300 gold pieces at shops.

Inventory:

Jewellery
 k - a +3 ring of evasion
 n - an uncursed ring of flight
 t - an uncursed ring of protection from magic
 z - an uncursed ring of resist corrosion
 C - a +4 amulet of reflection (around neck)
 L - the ring "Aruunaole" (left paw) {rCorr Int+2 Dex+5}
   (You bought it in a shop on level 8 of the Dungeon)

   [ring of resist corrosion]

   It affects your intelligence (+2).
   It affects your dexterity (+5).
 O - an uncursed ring of protection from magic
 Q - a +3 ring of intelligence
 R - a ring of poison resistance (right paw)
Wands
 g - a wand of lightning (9/15)
 r - a wand of lightning (7/15)
 u - a wand of flame (16/48)
 y - a wand of iceblast (4/15)
 A - a wand of lightning (5/15)
 E - a wand of disintegration (7/24)
 H - a wand of flame (22/48)
 J - a wand of enslavement (11/24)
 K - a wand of paralysis (8/24)
 M - a wand of polymorph (9/24)
 N - a wand of acid (7/15)
 S - a wand of polymorph (2/24)
 T - a wand of iceblast (4/15)
 X - a wand of polymorph (12/24)
Scrolls
 c - 5 scrolls of teleportation
 d - 3 scrolls of identify
 i - 2 scrolls of fog
 l - 6 scrolls of magic mapping
 D - 4 scrolls of fear
 P - 4 scrolls of remove curse
Potions
 e - 3 potions of magic
 f - 5 potions of lignification
 h - 2 potions of berserk rage
 j - 5 potions of heal wounds
 m - 3 potions of agility
 o - 3 potions of mutation
 q - a potion of cancellation
 s - a potion of brilliance
 w - 2 potions of degeneration
 x - 2 potions of flight
 B - a potion of resistance
 F - 8 potions of curing
 I - a potion of ambrosia
 W - 2 potions of might
Books
 v - a book of Clouds

   Spells                             Type                      Level
   a - Poisonous Vapours              Poison/Air                   2
   b - Mephitic Cloud                 Conjuration/Poison/Air       3
   c - Conjure Flame                  Conjuration/Fire             3
   d - Freezing Cloud                 Conjuration/Ice/Air          6
   e - Ring of Flames                 Charms/Fire                  7
   Trog disapproves of the use of such an item.
 G - the Papyrus of the Entourage and Heat
   (You found it on level 4 of the Lair of Beasts)

   Spells                             Type                      Level
   a - Flame Tongue                   Conjuration/Fire             1
   b - Summon Guardian Golem          Hexes/Summoning              3
   c - Summon Ice Beast               Ice/Summoning                4
   d - Aura of Abjuration             Summoning                    5
   e - Summon Demon                   Summoning                    5
   Trog disapproves of the use of such an item.
 Y - a book of Debilitation

   Spells                             Type                      Level
   a - Corona                         Hexes                        1
   b - Slow                           Hexes                        2
   c - Inner Flame                    Hexes/Fire                   3
   d - Portal Projectile              Hexes/Translocation          3
   e - Cause Fear                     Hexes                        4
   f - Leda's Liquefaction            Hexes/Earth                  4
   Trog disapproves of the use of such an item.
 Z - a book of Beasts

   Spells                             Type                      Level
   a - Summon Butterflies             Summoning                    1
   b - Call Canine Familiar           Summoning                    3
   c - Summon Ice Beast               Ice/Summoning                4
   d - Summon Mana Viper              Hexes/Summoning              5
   e - Summon Hydra                   Summoning                    7
   Trog disapproves of the use of such an item.
Miscellaneous
 U - a lightning rod (4/4)
Comestibles
 a - 9 meat rations
 b - 16 royal jellies


   Skills:
 + Level 11.4 Fighting
 - Level 17.0 Dodging
 + Level 3.7 Stealth
 * Level 18.6 Unarmed Combat


You had 12 spell levels left.
You didn't know any spells.

Dungeon Overview and Level Annotations

Branches:
Dungeon (13/15)            Temple (0/1) D:4            Lair (6/6) D:10
 Shoals (0/4) Lair:4        Snake (1/4) Lair:3        Slime (0/5) Lair:5
    Orc (2/2) D:10         Vaults (0/5) D:13
    Elf: Orc:2

Altars:
Ashenzari
Cheibriados
Dithmenos
Elyvilon
Fedhas
Gozag
Hepliaklqana
Makhleb
Qazlal
Ru
Sif Muna
Trog
Uskayaw
Vehumet
Xom
Yredelemnul
Jiyva

Shops:
D:5 =   D:8 *

Annotations:
D:3 1 runed door
D:10 Gastronok
Lair:3 exclusion: oklob plant
Lair:5 1 runed door
Orc:2 Donald, Urug


Innate Abilities, Weirdness & Mutations

You cannot wear armour.
You are incapable of wielding weapons or throwing items.
Your paws allow you to move quietly. (Stealth)
You have sharp claws.
You have razor-sharp teeth.
You have supernaturally acute eyesight. (SInv)
You are carnivorous and can eat meat at any time.
You cover ground quickly.
Your thick and shaggy fur keeps you warm. (AC +3, rC+)
You have a slow metabolism.
Your sharp claws are effective at attacking unaware monsters.


Message History

* * * LOW HITPOINT WARNING * * *
You feel sick.
* * * LOW HITPOINT WARNING * * *
You are more poisoned.
The naga ritualist's toxic aura wanes.
The black mamba completely misses you. x6
You are very lightly contaminated with residual magic.
* * * LOW HITPOINT WARNING * * *
You feel sick.
You are more poisoned.
You block the black mamba's attack.
* * * LOW HITPOINT WARNING * * *
You feel sick.
* * * LOW HITPOINT WARNING * * *
The black mamba misses you. The black mamba bites you.
* * * LOW HITPOINT WARNING * * *
You block the black mamba's attack.
* * * LOW HITPOINT WARNING * * *
You feel sick. The black mamba closely misses you.
You block the black mamba's attack.
You die...

.##'''####'## ####.#...........
.# ....+........... .. ......
#...+........... ..... ....
#...# ..........
.....###++##'## #...# ...!...
#''#.........## #S..# #'N'#
#..'..........###S..####...###
...'...........@.SS.S..NN....+
#...........'.S..S........+
#++##...........######+####'''#
......#'''#............. ......
......'...'............. ......
......'...#............. .....
......'...#............. .....
#.....'...#............. ....
##....#')###............


You could see a mana viper and 5 black mambas.

Vanquished Creatures
  Kirke (Lair:4)
  The ghost of lolicon the Nimble, a journeyman NaTm (Lair:1)
  4 naga warriors (Snake:1)
  7 hydras
  5 two-headed ogres
  Nergalle (Lair:4)
  A skeletal warrior (D:12)
  An unseen horror (D:10)
  2 naga ritualists (Snake:1)
  4 mana vipers (Snake:1)
  An orc sorcerer (Orc:1)
  2 orc knights
  A cyclops (D:12)
  11 black mambas
  16 elephants
  A torpor snail (Lair:4)
  27 spiny frogs
  7 komodo dragons
  A rime drake (Lair:2)
  A polar bear (Lair:2)
  2 trolls
  5 tyrant leeches (Lair:6)
  A queen bee (D:9)
  13 blink frogs
  A hornet (D:12)
  7 dream sheep (Lair:4)
  12 hippogriffs
  25 yaks
  A spriggan (Lair:2)
  A wraith (D:11)
  Sigmund (D:2)
  3 basilisks
  3 hogs
  2 wyverns
  2 hungry ghosts
  7 swamp worms (Lair:4)
  4 wargs
  6 vampire mosquitoes
  A soldier ant (D:12)
  2 acid dragons
  14 water moccasins
  7 porcupines
  A phantom (D:7)
  5 black bears
  2 sky beasts
  A necrophage (D:9)
  9 orc warriors
  2 ice beasts
  2 eyes of draining (D:11)
  2 ogres
  9 centaurs
  13 wolves
  14 crocodiles
  A big kobold (D:9)
  25 bullfrogs
  A wyvern zombie (D:8)
  A scorpion (D:12)
  13 wights
  15 killer bees
  7 crimson imps
  2 centaur zombies
  A quasit (D:9)
  A centaur skeleton (D:3)
  3 jellies
  3 hounds
  7 orc priests
  9 orc wizards
  2 bullfrog skeletons (D:11)
  3 iguanas
  Natasha (twice) (D:2)
  5 worker ants
  2 killer bee zombies
  A hound zombie (D:6)
  A worker ant zombie (D:11)
  Robin (D:3)
  18 adders
  3 shadow imps
  An ooze (D:1)
  An adder zombie (D:5)
  An adder skeleton (D:7)
  14 worms
  5 dart slugs
  6 leopard geckos
  50 orcs
  8 bats
  9 giant cockroaches
  14 goblins
  11 hobgoblins
  10 jackals
  10 kobolds
  4 quokkas
  2 ball pythons
  4 frilled lizards
  A jackal skeleton (D:6)
  A leopard gecko skeleton (D:6)
  7 rats
  2 plants (D:2)
563 creatures vanquished.

Vanquished Creatures (collateral kills)
  A naga ritualist (Snake:1)
  4 mana vipers (Snake:1)
  A naga (Snake:1)
  An orc warrior (Orc:2)
7 creatures vanquished.

Vanquished Creatures (others)
  Natasha (D:2)
  16 fungi
  39 plants
56 creatures vanquished.

Grand Total: 626 creatures vanquished

Notes
Turn   | Place    | Note
-------+----------+-------------------------------------------
     0 | D:1      | Naow the Felid Berserker began the quest for the Orb.
     0 | D:1      | Reached XP level 1. HP: 10/10 MP: 2/2
   135 | D:1      | Reached XP level 2. HP: 14/14 MP: 3/3
   559 | D:1      | Reached XP level 3. HP: 11/17 MP: 4/4
   685 | D:1      | Reached skill level 4 in Unarmed Combat
  1201 | D:2      | Noticed Sigmund
  1202 | D:2      | Noticed Natasha
  1207 | D:2      | Killed Sigmund
  1207 | D:2      | Reached skill level 5 in Dodging
  1207 | D:2      | Reached skill level 5 in Unarmed Combat
  1207 | D:2      | Reached XP level 4. HP: 21/21 MP: 5/5
  1207 | D:2      | Reached XP level 5. HP: 24/24 MP: 6/6
  1210 | D:2      | Killed Natasha
  1288 | D:2      | Killed Natasha
  1362 | D:2      | Reached ** piety under Trog
  1414 | D:2      | Found a stormy altar of Qazlal.
  1702 | D:2      | Noticed Natasha
  1987 | D:2      | Killed Natasha
  2335 | D:3      | Gained mutation: You are covered in thick fur. (AC +2) [Felid growth]
  2335 | D:3      | Reached XP level 6. HP: 28/28 MP: 7/7
  2410 | D:3      | Noticed Robin
  2414 | D:3      | Killed Robin
  2572 | D:3      | Found an opulent altar of Gozag.
  2574 | D:3      | Found a shimmering altar of Xom.
  2575 | D:3      | Found a blossoming altar of Fedhas.
  2661 | D:3      | Found a runed door.
  2785 | D:3      | Reached skill level 6 in Unarmed Combat
  3500 | D:4      | Found a staircase to the Ecumenical Temple.
  3554 | D:4      | Reached XP level 7. HP: 31/31 MP: 8/8
  3818 | D:4      | Reached skill level 7 in Unarmed Combat
  3887 | D:5      | Entered Level 5 of the Dungeon
  3894 | D:5      | Reached *** piety under Trog
  4038 | D:5      | Found Nydau's Jewellery Shop.
  4677 | D:6      | Slain by an orc warrior
  4678 | D:6      | Reached XP level 6. HP: -5/28 MP: 7/7
  4702 | D:6      | Killed an orc warrior
  4968 | D:6      | Noticed a hippogriff
  4978 | D:6      | Killed a hippogriff
  4978 | D:6      | Reached skill level 8 in Unarmed Combat
  4978 | D:6      | Reached XP level 7. HP: 28/31 MP: 8/8
  5526 | D:6      | Found a snail-covered altar of Cheibriados.
  5618 | D:6      | Found a deep blue altar of Sif Muna.
  5754 | D:6      | Reached skill level 9 in Unarmed Combat
  5761 | D:6      | Reached XP level 8. HP: 34/34 MP: 9/9
  6231 | D:7      | Reached skill level 10 in Unarmed Combat
  6485 | D:7      | You fall through a shaft for 2 floors!
  6502 | D:9      | Reached skill level 10 in Dodging
  6502 | D:9      | Reached XP level 9. HP: 22/37 MP: 10/10
  6504 | D:9      | Reached **** piety under Trog
  6918 | D:9      | Found a radiant altar of Vehumet.
  6951 | D:9      | Reached skill level 11 in Unarmed Combat
  7010 | D:9      | Noticed a queen bee
  7021 | D:9      | Mangled by a killer bee
  7022 | D:9      | Reached XP level 8. HP: -7/34 MP: 9/9
  7385 | D:8      | Found Zaaq's Assorted Antiques.
  7461 | D:8      | Bought a clouded jade ring for 150 gold pieces
  7461 | D:8      | Bought a bound brass amulet for 150 gold pieces
  7462 | D:8      | Identified the amulet "Jul Beuf" {RegenMP rN+ Str+4} (You bought it in a shop on level 8 of the Dungeon)
  7467 | D:8      | Identified the ring "Aruunaole" {rCorr Int+2 Dex+5} (You bought it in a shop on level 8 of the Dungeon)
  7937 | D:8      | Reached XP level 9. HP: 29/37 MP: 10/10
  8076 | D:8      | Found a hazy altar of Hepliaklqana.
  8081 | D:8      | Found a shattered altar of Ashenzari.
  8081 | D:8      | Noticed a two-headed ogre
  8089 | D:8      | Killed a two-headed ogre
  8089 | D:8      | Reached skill level 12 in Unarmed Combat
  8285 | D:8      | Found a shadowy altar of Dithmenos.
  8290 | D:8      | Found a burning altar of Makhleb.
  8302 | D:8      | Found a hide-covered altar of Uskayaw.
  8309 | D:8      | Found a white marble altar of Elyvilon.
  8314 | D:8      | Found a bloodstained altar of Trog.
  8573 | D:9      | Found a basalt altar of Yredelemnul.
  8575 | D:9      | Found a sacrificial altar of Ru.
  8943 | D:9      | Killed a queen bee
  9544 | D:10     | Entered Level 10 of the Dungeon
  9690 | D:10     | Reached XP level 10. HP: 42/42 MP: 11/11
  9750 | D:10     | Found a staircase to the Lair.
  9983 | D:10     | Found an opulent altar of Gozag.
 10055 | D:10     | Reached skill level 13 in Unarmed Combat
 10314 | D:10     | Reached skill level 5 in Fighting
 10376 | D:10     | Found a staircase to the Orcish Mines.
 10664 | D:10     | Noticed an unseen horror
 10672 | D:10     | Killed an unseen horror
 10836 | D:10     | Noticed Gastronok
 10837 | D:10     | Noticed a two-headed ogre
 10904 | D:10     | Found a shimmering altar of Xom.
 10907 | D:10     | Killed from afar by an orc priest
 10908 | D:10     | Reached XP level 9. HP: -7/40 MP: 10/10
 11316 | D:11     | Noticed a troll
 11325 | D:11     | Killed a troll
 11325 | D:11     | Reached XP level 10. HP: 27/44 MP: 6/11
 11533 | D:11     | Noticed a two-headed ogre
 11541 | D:11     | Killed a two-headed ogre
 11806 | D:11     | Reached skill level 14 in Unarmed Combat
 11919 | D:11     | Noticed a two-headed ogre
 11935 | D:11     | Killed a two-headed ogre
 12246 | D:12     | Reached XP level 11. HP: 37/49 MP: 12/12
 12421 | D:12     | Noticed a two-headed ogre
 12426 | D:12     | Killed a two-headed ogre
 12608 | D:12     | Noticed a skeletal warrior
 12613 | D:12     | Killed a skeletal warrior
 12821 | D:12     | Identified a scroll of acquirement
 12850 | D:12     | Reached ***** piety under Trog
 13132 | D:13     | Noticed a two-headed ogre
 13141 | D:13     | Killed a two-headed ogre
 13244 | D:13     | Found a gate to the Vaults.
 13244 | D:13     | Noticed a vault guard
 13244 | D:13     | Noticed a vault guard
 13244 | D:13     | Noticed a vault guard
 13245 | D:13     | Noticed a vault guard
 13703 | Lair:1   | Entered Level 1 of the Lair of Beasts
 13801 | Lair:1   | Reached skill level 15 in Unarmed Combat
 14135 | Lair:1   | Noticed lolicon's ghost (journeyman NaTm)
 14149 | Lair:1   | Killed lolicon's ghost
 14468 | Lair:1   | Noticed a six-headed hydra
 14474 | Lair:1   | Killed a six-headed hydra
 15655 | Lair:2   | Gained mutation: Your thick and shaggy fur keeps you warm. (AC +3, rC+) [Felid growth]
 15655 | Lair:2   | Reached XP level 12. HP: 31/54 MP: 13/13
 17257 | Lair:3   | Reached skill level 16 in Unarmed Combat
 17367 | Lair:3   | Noticed a six-headed hydra
 17368 | Lair:3   | Found a staircase to the Snake Pit.
 17376 | Lair:3   | Killed a six-headed hydra
 17974 | Lair:4   | Found a staircase to the Shoals.
 17982 | Lair:4   | Reached skill level 15 in Dodging
 18273 | Lair:4   | Noticed a four-headed hydra
 18281 | Lair:4   | Killed a four-headed hydra
 18282 | Lair:4   | Noticed Nergalle
 18288 | Lair:4   | Noticed Kirke
 18651 | Lair:4   | Killed Nergalle
 18910 | Lair:4   | Noticed a death yak
 19374 | Lair:4   | Killed Kirke
 19775 | Lair:4   | Identified the Papyrus of the Entourage and Heat
 20076 | Lair:4   | Reached ****** piety under Trog
 20084 | Lair:4   | Reached XP level 13. HP: 59/59 MP: 14/14
 20412 | Lair:5   | Found a runed door.
 20414 | Lair:5   | Found a viscous altar of Jiyva.
 20761 | Lair:5   | Reached skill level 17 in Unarmed Combat
 21141 | Lair:5   | Reached skill level 10 in Fighting
 21199 | Lair:5   | Found a staircase to the Slime Pits.
 21484 | Lair:6   | Entered Level 6 of the Lair of Beasts
 22580 | Lair:6   | Reached XP level 14. HP: 65/65 MP: 15/15
 22785 | Lair:6   | Reached skill level 18 in Unarmed Combat
 23902 | Orc:1    | Entered Level 1 of the Orcish Mines
 23902 | Orc:1    | Found a flagged portal.
 23920 | Bailey   | Entered a bailey
 24306 | Orc:2    | Entered Level 2 of the Orcish Mines
 24308 | Orc:2    | Noticed Donald
 24309 | Orc:2    | Noticed Urug
 24605 | Snake:1  | Entered Level 1 of the Snake Pit
 25156 | Snake:1  | Reached skill level 1 in Stealth
 25370 | Snake:1  | Demolished by a naga warrior
 25371 | Snake:1  | Reached XP level 13. HP: -19/94 MP: 14/14
 25573 | Snake:1  | HP: 3/63 [black mamba (6)]
 25575 | Snake:1  | Succumbed to a naga ritualist's toxic radiance

Vault maps used:
D:1:      co_arrival_random_square_maze
D:2:      grunt_qazlal_clouds, serial_bayou, serial_bayou_shore_a,
          serial_bayou_ford_a, serial_bayou_pond_e, serial_bayou_shore_b,
          uniq_natasha, uniq_sigmund
D:3:      grunt_temple_overflow_open, first_bread, uniq_crazy_yiuf_cottage,
          uniq_robin
D:4:      minmay_temple_entry_overgrown
D:5:      serial_shops, nicolae_shop_waterfront, hangedman_decor_peaks_small
D:6:      cheibriados_altar_1, lemuel_doored_altar, grunt_decor_cap
D:8:      grunt_temple_overflow_octagram, serial_shops, shop,
          kennysheep_just_a_vault
D:9:      kennysheep_mini_moat, nicolae_overflow_hidden_temple, david_nohive_1
D:10:     erik_lair_orcish_takeover, orc_0_dummy, basic_altar,
          nicolae_gozag_seed_capital, uniq_gastronok
D:11:     serial_corexii_hall, corexii_hall_statues_i,
          corexii_hall_statues_deadend
D:13:     lightli_vaults_fourway_checkpoint, minmay_unpleasant_kobolds,
          uniq_josephine, uniq_sonja
Lair:2:   minmay_guarded_unrand_snakebite, minivault_26,
          grunt_forest_stairs_clearing
Lair:3:   dummy_snake_entry, hangedman_lair_unloving_vines
Lair:4:   shoals_dummy_entry, worms_lemuel, uniq_nergalle, uniq_kirke
Lair:5:   slime_altar_2
Lair:6:   minmay_lair_end_frog_pond, grunt_forest_small_clearings, st_stairs_5,
          infiniplex_staircase_pool_2
Orc:1:    enter_bailey_2, lightli_orcish_oven
Orc:2:    grunt_orc_cross, basic_altar, uniq_donald
Bailey:   bailey_polearm_1, bailey

Skill      XL: |  1  2  3  4  5  6  7  8  9 10 11 12 13 14 |
---------------+-------------------------------------------+-----
Unarmed Combat | 5 8 9 10 12 14 15 16 17 18 | 18.6
Dodging        | 5 6 8 11 13 14 15 16 17 | 17.0
Fighting       | 6 8 9 10 11 | 11.4
Stealth        | 3 |  3.7

Action                   |  1- 3 |  4- 6 |  7- 9 | 10-12 | 13-15 || total
-------------------------+-------+-------+-------+-------+-------++-------
Melee: Unarmed           |    73 |   249 |   404 |   663 |   560 ||  1949
       Bite              |     4 |    36 |    29 |    85 |    90 ||   244
       Punch             |     2 |     6 |    16 |    54 |    70 ||   148
Invok: Berserk           |     1 |     4 |    17 |    26 |    20 ||    68
       Trog's Hand       |       |     1 |     3 |     6 |     5 ||    15
       Burn Spellbooks   |       |       |       |     1 |       ||     1
       Brothers in Arms  |       |       |       |       |     4 ||     4
 Abil: Evoke Flight      |       |       |       |       |     1 ||     1
Evoke: Wand              |       |       |       |       |     7 ||     7
  Use: Scroll            |       |       |     9 |    19 |     4 ||    32
       Potion            |       |       |       |       |     2 ||     2
 Stab: Sleeping          |     4 |     5 |    12 |    13 |     1 ||    35
       Distracted        |       |       |       |     1 |     1 ||     2
  Eat: Chunk             |     8 |     9 |    44 |    45 |    30 ||   136
Armor: Skin              |     1 |     7 |    17 |    15 |     5 ||    45
Dodge: Dodged            |    45 |   103 |   341 |   504 |   518 ||  1511
Block: Other             |       |     3 |    52 |    70 |    81 ||   206
       Reflection        |       |       |       |     2 |       ||     2
